 Dungeon Crawl Stone Soup version 0.28-a0-793-g31680bbd8b (webtiles) character file.

Game seed: 18146561636232926694

10 cheechan the Cudgeller (level 2, 22/24 HPs)
             Began as a Formicid Chaos Knight on Nov 4, 2021.
             Was a Plaything of Xom.
             Quit the game on level 1 of the Dungeon.
             The game lasted 00:00:56 (242 turns).

cheechan the Cudgeller (Formicid Chaos Knight)       Turns: 242, Time: 00:00:56

Health: 22/24      AC:  6    Str: 16    XL:     2   Next: 30%
Magic:  2/2        EV: 11    Int: 11    God:    Xom [.*....]
Gold:   7          SH:  0    Dex: 10    Spells: 1/1 levels left

rFire   . . .      SeeInvis +   a - +0 mace (chaos)
rCold   . . .      Faith    .   (no shield)
rNeg    . . .      Spirit   .   b - +2 leather armour
rPois   .          Reflect  .   (helmet unavailable)
rElec   .          Harm     .   c - +0 cloak
rCorr   .          Rampage  .   (no gloves)
Will    .....                   (no boots)
Stlth   +.........              (no amulet)
HPRegen 0.08/turn               (no ring)
MPRegen 0.08/turn               (no ring)

@: no status effects
A: permanent stasis, dig shafts and tunnels, antennae 3, four strong arms
a: Dig, Shaft Self, Renounce Religion


You were on level 1 of the Dungeon.
You worshipped Xom.
You were a plaything of Xom.
You visited 1 branch of the dungeon, and saw 1 of its levels.

You collected 7 gold pieces.

Inventory:

Hand Weapons
 a - a +0 mace of chaos (weapon)
Armour
 b - a +2 leather armour (worn)
 c - a +0 cloak (worn)
Scrolls
 d - a scroll of acquirement {unknown}


   Skills:
 + Level 3.4 Fighting
 + Level 3.5 Maces & Flails
 + Level 2.1 Armour
 + Level 0.8 Dodging


You had one spell level left.
You didn't know any spells.
Your spell library was empty.

Dungeon Overview and Level Annotations

Branches:
Dungeon (1/15)

Altars:


Innate Abilities, Weirdness & Mutations

You cannot be hasted, slowed, berserked, paralysed or teleported.
You can dig through walls and to a lower floor.
You have a pair of large antennae on your head. (SInv)
Your four strong arms can wield two-handed weapons with a shield.


Message History

A ball python comes into view.
You see here a +0 short sword.
The ball python hisses angrily.
An endoplasm comes into view.
The ball python bites you but does no damage.
The ball python grabs you. The ball python constricts you.
You sock the ball python!
You kill the ball python!
The endoplasm quivers.
You see here a ball python corpse.
You see here a ball python corpse.
You barely miss the endoplasm. The endoplasm freezes you.
You are frozen.
You hit the endoplasm.
The endoplasm is almost dead.
The endoplasm freezes you.
You are frozen.
You barely miss the endoplasm.
The endoplasm is almost dead.
The endoplasm freezes you.
You are frozen.
You hit the endoplasm.
You kill the endoplasm!
A goblin comes into view. It is wielding a +0 dagger.
The goblin hits you but does no damage.
You barely miss the goblin. The goblin hits you but does no damage.
You hit the goblin.
You kill the goblin!
You see here a +0 dagger.
A rat comes into view.
The rat barely misses you.
You hear Xom's avuncular chuckle.
The rat evaporates and reforms as a frilled lizard!
The frilled lizard barely misses you. The frilled lizard barely misses you.
The frilled lizard bites you.
You thump the frilled lizard!
You kill the frilled lizard!
Are you sure you want to abandon this character and quit the game? (Confirm with "yes".)

{ #############
#....@......#
#.#########.#
#.# #.# #.#
#### #.# ..#
#.# #.# .#
####.#######.##
.#
#.............#


There were no monsters in sight!

Vanquished Creatures
  2 ball pythons (D:1)
  A bat (D:1)
  An endoplasm (D:1)
  A giant cockroach (D:1)
  A goblin (D:1)
  A frilled lizard (D:1)
  2 kobolds (D:1)
  A rat (D:1)
10 creatures vanquished.

Notes
Turn   | Place    | Note
-------+----------+-------------------------------------------
     0 | D:1      | cheechan the Formicid Chaos Knight began the quest for the
                  | Orb.
     0 | D:1      | Reached XP level 1. HP: 18/18 MP: 1/1
    61 | D:1      | XOM: silly message
   178 | D:1      | Reached XP level 2. HP: 24/24 MP: 2/2
   220 | D:1      | XOM: polymorph rat -> frilled lizard
   242 | D:1      | Quit the game

Illustrated notes

Levels and vault maps discovered:
D:1:      lightli_iron_boxes, layout_loops_ring

Action                   || total
-------------------------++-------
Melee: Mace              ||    20
Armor: Leather armour    ||    10
Dodge: Dodged            ||     8

Table legend: (Time is in decaauts)
 A = Elapsed time spent in this place.
 B = Non-inter-level travel time spent in this place.
 C = Inter-level travel time spent in this place.
 D = Time resting spent in this place.
 E = Time spent auto-exploring this place.
 F = Levels seen in this place.
 G = Mean time per level.
                   A        B        C        D        E       F      G
               +--------+--------+--------+--------+--------+-----+--------+
         Total |    246 |    246 |      0 |      0 |      0 |   1 |  246.0 |
       Dungeon |    246 |    246 |      0 |      0 |      0 |   1 |  246.0 |
               +--------+--------+--------+--------+--------+-----+--------+

Top non-repeatable levels by time:
     D:1: 246 daAuts
